Map: Distant Plane

Players

Musumeci - Winner!

  • Race: Zerg Zerg
  • League: Diamond
  • Spawn Location: 11:00

MichyMoko - Winner!

  • Race: Zerg Zerg
  • Spawn Location: 11:00

SpiceIT

  • Race: Terran Terran
  • League: Platinum
  • Spawn Location: 1:00

eWald

  • Race: Zerg Zerg
  • Spawn Location: 1:00

VOD

Have the link to the VOD?

Description

Time

  • Played on: Feb. 26, 2017, 8:23 a.m.
  • Length: 13:40
Show
View Real Time Build Order
Export as new Build Order

Musumeci Zerg - Winner!

Build Orders: Hatch First, Muta Ling Bane 

Get SALT Encoding   

  12  0:01  Drone  
  13  0:08  Drone  
  14  0:15  Drone, Extractor  
  15  0:23  Overlord  
  15  0:42  Drone x2  
  17  1:00  Drone  
  18  1:04  Hatchery  
  17  1:11  Extractor  
  17  1:12  Drone x2, Extractor  
  18  1:26  Spawning Pool  
  18  1:30  Drone  
  18  1:33  Drone  
  19  1:41  Drone  
  20  1:56  Drone  
  20  2:07  Drone  
  21  2:13  Metabolic Boost  
  21  2:15  Queen  
  21  2:18  Overlord  
  23  2:28  Queen  
  23  2:29  Drone  
  26  2:30  Drone  
  26  2:32  Drone  
  28  2:38  Zergling x2  
  28  2:39  Zergling x2  
  30  2:46  Baneling Nest  
  30  2:48  Zergling x2  
  30  3:12  Drone  
  31  3:13  Drone x3  
  31  3:15  Drone  
  35  3:21  Overlord  
  34  3:37  Zergling x2  
  35  3:41  Zergling x2  
  35  3:42  Zergling x12  
  42  3:56  Baneling x4  
  43  4:02  Zergling x2  
  43  4:08  Overlord  
  43  4:09  Overlord  
  42  4:30  Zergling x14  
  39  4:46  Zergling x14  
  46  4:56  Lair  
  43  5:09  Baneling  
  43  5:10  Baneling  
  44  5:14  Drone x7  
  44  5:17  Drone x5, Extractor  
  44  5:18  Evolution Chamber  
  44  5:19  Evolution Chamber  
  44  5:21  Extractor  
  51  5:23  Extractor  
  50  5:40  Drone x4  
  54  5:43  Drone x3  
  57  6:02  Zerg Ground Armor Level 1  
  57  6:04  Zerg Melee Weapons Level 1  
  57  6:09  Drone x2, Spire  
  57  6:10  Drone  
  59  6:20  Overlord x2  
  59  6:26  Spore Crawler  
  59  6:27  Hatchery, Spore Crawler  
  59  6:29  Spore Crawler  
  59  6:30  Spore Crawler  
  54  6:39  Spore Crawler  
  53  6:51  Queen  
  53  6:54  Drone x4  
  57  7:12  Hatchery  
  56  7:21  Mutalisk  
  56  7:22  Zerg Flyer Weapons Level 1, Mutalisk x6  
  70  7:38  Overlord x3  
  70  7:39  Zergling x2  
  70  7:40  Zergling x8  
  70  7:42  Baneling  
  70  7:43  Baneling  
  75  7:44  Centrifical Hooks  
  75  8:04  Mutalisk  
  75  8:05  Mutalisk x2  
  81  8:08  Extractor  
  80  8:13  Extractor  
  80  8:19  Mutalisk  
  81  8:23  Drone x2  
  81  8:24  Drone x3  
  81  8:25  Drone  
  89  8:31  Zergling x2  
  86  9:11  Mutalisk  
  86  9:12  Mutalisk x6  
  100  9:18  Zerg Flyer Armor Level 1  
  100  9:21  Drone x6  
  106  9:44  Hatchery, Extractor  
  104  9:47  Extractor  
  103  10:09  Baneling x6  
  103  10:15  Baneling x3  
  103  10:16  Baneling x4, Zergling x6  
  103  10:17  Overlord x2  
  103  10:18  Overlord x5  
  100  11:01  Mutalisk x2  
  100  11:02  Mutalisk x11  
  103  11:16  Mutalisk x3  
  85  11:41  Mutalisk x4  
  91  11:49  Zergling x12  
  91  11:50  Zergling x18  
  106  11:57  Drone  
  106  11:59  Drone  
  106  12:00  Queen, Drone x2  
  112  12:12  Mutalisk x5  
  122  12:18  Overlord  
  122  12:19  Overlord x2  
  122  12:28  Spore Crawler x3  
  122  12:29  Spore Crawler  
  118  12:30  Spore Crawler  
  116  12:55  Mutalisk x8  
  121  13:08  Mutalisk  
  121  13:09  Mutalisk  
Show
View Real Time Build Order
Export as new Build Order

MichyMoko Zerg - Winner!

Build Orders: Hatch First 

Get SALT Encoding   

  12  0:01  Drone  
  13  0:15  Overlord  
  13  0:17  Drone  
  14  0:47  Drone  
  14  0:48  Hatchery  
  14  1:01  Spawning Pool  
  13  1:06  Drone  
  14  1:13  Extractor  
  13  1:21  Drone  
  13  1:22  Drone x2  
  16  1:38  Drone  
  17  1:44  Drone  
  18  1:48  Queen  
  20  1:58  Drone  
  21  2:05  Queen  
  21  2:07  Zergling x4  
  25  2:16  Metabolic Boost  
  25  2:19  Drone  
  26  2:26  Overlord  
  26  2:34  Queen  
  28  2:41  Overlord  
  28  2:47  Drone x2  
  30  2:55  Drone x2  
  32  3:00  Zergling x4  
  34  3:17  Zergling x4  
  36  3:36  Lair, Roach Warren  
  35  3:42  Zergling x10  
  39  3:58  Overlord x2  
  39  3:59  Drone  
  39  4:00  Drone x3  
  43  4:10  Overlord  
  43  4:17  Roach x3  
  39  4:43  Drone x6  
  39  4:44  Drone x2  
  47  4:51  Roach x4  
  47  4:52  Overseer  
  55  4:55  Drone  
  56  5:04  Roach  
  58  5:18  Glial Reconstitution  
  58  5:21  Overlord x2  
  58  5:22  Drone, Extractor  
  58  5:23  Drone x5  
  58  5:27  Extractor  
  62  5:30  Extractor  
  62  5:31  Overseer  
  61  5:46  Evolution Chamber  
  61  5:49  Roach x3  
  66  5:51  Evolution Chamber  
  66  5:54  Hatchery  
  66  5:56  Drone  
  66  5:57  Drone x2  
  67  6:12  Ravager x2  
  67  6:14  Ravager  
  70  6:50  Roach x7  
  84  6:57  Overlord x3  
  84  6:58  Overlord x2  
  59  7:29  Ravager x4  
  64  7:30  Ravager  
  64  7:34  Zerg Missile Weapons Level 1  
  64  7:35  Zerg Ground Armor Level 1  
  64  7:37  Zergling x8  
  66  7:38  Overlord x2  
  66  7:40  Roach x5  
  66  7:42  Zergling x2  
  66  7:43  Zergling x2  
  80  7:56  Zergling x2  
  80  7:57  Zergling x10  
  86  8:22  Roach x3  
  92  8:27  Hydralisk Den  
  92  8:30  Drone x3  
  92  8:31  Drone x2  
  92  8:32  Roach x5  
  92  8:33  Roach x4  
  114  8:57  Extractor  
  113  9:06  Hydralisk x7  
  113  9:07  Hydralisk  
  129  9:11  Muscular Augments  
  129  9:33  Drone x3  
  129  9:34  Roach  
  129  9:35  Roach x2  
  129  9:37  Overlord x5  
  138  9:55  Roach x7  
  138  9:56  Roach  
  138  9:58  Ravager x3  
  138  9:59  Ravager  
  158  10:11  Extractor  
  157  10:24  Hydralisk  
  157  10:25  Hydralisk x3  
  165  10:28  Overseer  
  165  10:32  Zerg Missile Weapons Level 2  
  154  10:45  Hatchery  
  102  10:59  Hydralisk x2  
  102  11:00  Hydralisk x6  
  111  11:15  Hydralisk  
  111  11:16  Hydralisk x3  
  101  11:26  Hydralisk x3  
  107  11:33  Hydralisk x2  
  107  11:59  Infestation Pit  
  106  12:05  Queen  
  108  12:13  Drone x2  
  108  12:14  Drone  
  111  12:17  Hydralisk x6  
  111  12:20  Roach  
  111  12:21  Zergling x4  
  117  13:04  Roach x6  
  117  13:05  Roach x11  
  151  13:06  Roach x2  
  155  13:14  Hydralisk x2  
  155  13:15  Hydralisk  
Show
View Real Time Build Order
Export as new Build Order

SpiceIT Terran 

Build Orders:  

Get SALT Encoding   

  12  0:00  SCV  
  13  0:19  SCV, Supply Depot  
  14  0:32  SCV  
  15  0:42  Barracks  
  15  0:44  SCV  
  16  0:56  Refinery, SCV  
  17  1:08  SCV  
  18  1:20  SCV  
  19  1:28  Barracks  
  19  1:29  Marine  
  19  1:30  Supply Depot  
  20  1:32  Orbital Command  
  20  1:53  Refinery  
  20  2:05  Marine  
  21  2:12  SCV  
  21  2:13  Factory  
  22  2:27  Marine x2  
  24  2:35  Barracks  
  24  2:54  Command Center  
  24  2:57  Marine  
  25  3:02  Widow Mine  
  27  3:06  Marine  
  27  3:11  SCV  
  29  3:17  Supply Depot  
  29  3:29  Marine  
  29  3:30  Marine  
  29  3:32  Marine  
  31  3:38  Hellion  
  33  3:42  SCV  
  33  3:43  Supply Depot  
  34  3:53  Barracks Tech Lab  
  34  3:55  Barracks Reactor  
  34  4:00  Factory Tech Lab  
  34  4:01  Starport  
  34  4:15  SCV, Engineering Bay  
  35  4:28  Factory  
  35  4:30  Marine x4  
  29  4:42  Siege Tank  
  32  4:48  Marine  
  33  4:52  Orbital Command  
  33  4:57  SCV  
  34  5:01  Stimpack  
  34  5:08  Terran Infantry Weapons Level 1  
  34  5:12  Refinery  
  34  5:16  Marine x2  
  36  5:21  Medivac  
  36  5:26  SCV  
  40  5:28  SCV  
  40  5:38  SCV, Marine  
  40  5:39  Marine  
  43  5:50  Factory Reactor  
  43  5:53  Starport Reactor  
  43  5:55  Marauder  
  43  5:56  Marine  
  46  6:01  Marine  
  47  6:11  SCV  
  47  6:12  SCV  
  49  6:22  Marine x2, Siege Tank  
  49  6:24  Marauder, SCV  
  49  6:25  SCV  
  58  6:26  Barracks Reactor  
  58  6:38  Hellion x2  
  62  6:52  Supply Depot  
  62  6:53  Supply Depot  
  62  7:06  Marine  
  61  7:14  Marauder, Hellion x2  
  67  7:25  Marine, Siege Tank  
  67  7:26  Marine x3  
  74  7:33  Refinery  
  74  7:35  Hellion, Marine  
  77  7:38  Terran Infantry Armor Level 1  
  77  7:40  Missile Turret, Armory  
  77  7:42  SCV  
  78  7:56  Supply Depot  
  78  8:15  Marine  
  78  8:17  Marine x4  
  78  8:18  Hellion, Medivac, Supply Depot  
  86  8:21  Missile Turret  
  86  8:39  Marine  
  86  8:40  SCV x2  
  79  8:51  Hellbat x2  
  83  9:00  Marine x3  
  83  9:01  Marine  
  87  9:03  SCV  
  88  9:16  SCV x2  
  90  9:21  Viking  
  90  9:23  Viking  
  94  9:37  Supply Depot  
  94  9:45  SCV  
  94  9:46  SCV  
  90  9:55  Missile Turret  
  90  9:57  SCV  
  90  9:58  SCV  
  90  10:11  Missile Turret  
  90  10:13  Missile Turret  
  86  10:36  Marine x5  
  58  10:54  Marine x5  
  51  11:12  Marine x5  
  37  11:29  Marine x2  
  37  11:30  Marine x3  
  39  11:47  Marine x2  
  39  11:48  Siege Tank  
  39  11:50  SCV x2  
  39  11:54  Marine x3  
  46  12:00  Hellbat x2  
  52  12:24  Marine x3  
  52  12:27  Hellbat x2  
  59  12:30  Orbital Command  
  59  12:35  Marauder  
  53  13:07  Marine x3  
  53  13:08  Marine  
Show
View Real Time Build Order
Export as new Build Order

eWald Zerg 

Build Orders: Hatch First, Muta Ling Bane 

Get SALT Encoding   

  12  0:01  Drone  
  13  0:12  Overlord  
  13  0:23  Drone  
  14  0:30  Drone  
  14  0:31  Drone  
  14  0:34  Drone  
  17  0:55  Hatchery  
  16  0:59  Drone  
  16  1:03  Drone, Extractor  
  17  1:18  Spawning Pool  
  17  1:20  Drone  
  17  1:26  Drone  
  17  1:28  Drone  
  19  1:43  Drone  
  20  1:49  Overlord  
  20  2:00  Drone  
  21  2:06  Queen  
  21  2:07  Queen  
  25  2:10  Drone  
  25  2:11  Drone  
  27  2:26  Drone x2  
  27  2:29  Drone  
  30  2:32  Drone  
  31  2:50  Queen  
  33  2:52  Drone  
  33  2:57  Metabolic Boost  
  34  3:02  Baneling Nest  
  33  3:06  Hatchery  
  33  3:08  Drone x2  
  35  3:25  Zergling x2  
  35  3:26  Overlord x2  
  35  3:27  Overlord  
  36  3:28  Zergling x2  
  36  3:44  Overlord x2  
  36  3:46  Zergling x10  
  36  3:47  Zergling x4  
  43  3:55  Evolution Chamber  
  42  3:57  Baneling x4  
  42  4:09  Drone x5  
  47  4:31  Zergling x8  
  42  4:40  Zergling x4  
  42  4:44  Zergling x6  
  47  4:59  Hatchery  
  46  5:08  Baneling x7  
  46  5:27  Zerg Ground Armor Level 1  
  46  5:33  Evolution Chamber  
  46  5:40  Extractor  
  46  5:41  Drone  
  46  5:42  Drone x6  
  52  5:43  Drone x4  
  52  5:49  Drone  
  57  6:16  Zergling x10  
  57  6:17  Zergling x6  
  65  6:22  Lair  
  65  6:36  Extractor  
  65  6:37  Extractor  
  61  6:44  Zergling x8  
  61  6:45  Zergling x16  
  69  6:59  Zergling x4  
  69  7:00  Zergling x8  
  68  7:14  Zergling x10  
  66  7:24  Drone x5  
  71  7:45  Spire  
  71  7:46  Centrifical Hooks  
  71  7:48  Zergling x14  
  71  7:49  Zergling x6  
  80  7:55  Drone  
  80  7:56  Overlord, Extractor  
  80  7:57  Overlord  
  80  7:59  Baneling x8  
  80  8:00  Baneling x4  
  80  8:07  Spore Crawler  
  79  8:12  Spore Crawler  
  79  8:15  Drone x7, Spore Crawler  
  84  8:26  Overlord x4  
  84  8:35  Drone x5  
  84  8:39  Extractor  
  86  8:58  Drone x2  
  86  8:59  Mutalisk, Drone, Spore Crawler  
  86  9:00  Mutalisk x8  
  106  9:08  Zergling x12  
  112  9:20  Zerg Flyer Armor Level 1  
  112  9:22  Mutalisk  
  114  9:30  Drone x3  
  117  9:43  Mutalisk x2  
  117  9:45  Overlord x3  
  121  9:46  Overlord  
  121  9:56  Mutalisk  
  121  10:02  Overlord x4  
  121  10:04  Mutalisk x2  
  121  10:05  Mutalisk x2  
  129  10:22  Spore Crawler  
  128  10:30  Mutalisk x4  
  128  10:32  Zergling x22  
  147  10:42  Hatchery  
  142  10:45  Mutalisk x2  
  103  11:07  Mutalisk  
  103  11:08  Mutalisk x3  
  105  11:21  Zergling x8  
  105  11:22  Zergling x16  
  109  11:34  Zergling x4  
  109  11:35  Zergling x2  
  103  11:47  Baneling x10  
  103  11:48  Mutalisk, Baneling  
  103  11:49  Mutalisk x2  
  109  12:12  Mutalisk  
  109  12:13  Mutalisk x3  
  117  12:31  Mutalisk x3  
  121  12:39  Extractor  
  121  12:41  Extractor  
  115  12:50  Mutalisk x3  
  113  13:02  Mutalisk x2  
  113  13:11  Mutalisk  
  93  13:25  Spore Crawler  
  93  13:26  Spore Crawler  
Tags
 
Add a new tag
Caveats
  • Supply blocks, unpowered buildings, or Contaminate may cause inaccurate times.
  • Supply counts are checked every 10 seconds.